 Dungeon Crawl Stone Soup version 0.27-a0-1278-g6cbc8dfb29 (webtiles) character file.

Game seed: 12225684389182473255

19 bilbop the Bolt Thrower (level 2, 0/18 HPs)
             Began as a Kobold Hunter on June 13, 2021.
             Succumbed to an adder's poison
             ... on level 1 of the Dungeon.
             The game lasted 00:03:28 (889 turns).

bilbop the Bolt Thrower (Kobold Hunter)              Turns: 889, Time: 00:03:29

Health: 0/18       AC:  3    Str:  9    XL:     2   Next: 95%
Magic:  2/2        EV: 13    Int: 12    God:
Gold:   45         SH:  6    Dex: 15    Spells: 1/1 levels left

rFire    . . .     SeeInvis .   a - +1 hand crossbow
rCold    . . .     Faith    .   h - +2 buckler
rNeg     . . .     Spirit   .   c - +0 leather armour
rPois    .         Reflect  .   (no helmet)
rElec    .         Harm     .   (no cloak)
rCorr    .         Rampage  .   (no gloves)
Will     .....                  (no boots)
Stlth    +++.......             (no amulet)
HPRegen  0.06/turn              (no ring)
MPRegen  0.08/turn              (no ring)

@: lethally poisoned (0 -> -8)
A: small, no large weapons, nightstalker 3
a: no special abilities


You were on level 1 of the Dungeon.
You visited 1 branch of the dungeon, and saw 2 of its levels.

You collected 45 gold pieces.

Inventory:

Hand Weapons
 a - a +1 hand crossbow (weapon)
 b - a +0 dagger
 e - a +0 short sword
Missiles
 d - 27 bolts (quivered ammo)
Armour
 c - a +0 leather armour (worn)
 h - a +2 buckler (worn)
Scrolls
 g - a scroll of magic mapping {unknown}
Potions
 f - 2 potions of degeneration {unknown}


   Skills:
 * Level 2.8 Fighting
 + Level 1.1 Short Blades
 + Level 5.0 Crossbows
 + Level 2.6 Dodging
 + Level 1.8 Stealth
 + Level 0.0 Shields


You had one spell level left.
You didn't know any spells.
Your spell library was empty.

Dungeon Overview and Level Annotations

Branches:
Dungeon (2/15)

Altars:


Innate Abilities, Weirdness & Mutations

You are small and have problems with some larger weapons.
You are completely attuned to the shadows.


Message History

There is a stone staircase leading down here.
a - a +1 hand crossbow (weapon)
The adder bites you.
You are too injured to fight recklessly!
You are too injured to fight recklessly!
Fire: 32 bolts
Press: ? - help, Q - select action Shift-Dir - straight line, f - adder
Aim: an adder (51% to hit)
You shoot a bolt. The bolt hits the adder.
The adder is heavily wounded.
You feel sick.
You are no longer poisoned.
You block the adder's attack. x2
Fire: 31 bolts
Press: ? - help, Q - select action Shift-Dir - straight line, f/p - adder
Aim: an adder (heavily wounded, 51% to hit)
You shoot a bolt. The bolt barely misses the adder.
You block the adder's attack. x2
Fire: 30 bolts
Press: ? - help, Q - select action Shift-Dir - straight line, f/p - adder
Aim: an adder (heavily wounded, 51% to hit)
You shoot a bolt.
The bolt hits the adder but does no damage.
The adder is heavily wounded.
The adder misses you.
Fire: 29 bolts
Press: ? - help, Q - select action Shift-Dir - straight line, f/p - adder
Aim: an adder (heavily wounded, 51% to hit)
You shoot a bolt. The bolt hits the adder.
The adder is almost dead.
The adder bites you but does no damage. The adder bites you.
* * * LOW HITPOINT WARNING * * *
You are lethally poisoned!
The adder poisons you!
Fire: 28 bolts
Press: ? - help, Q - select action Shift-Dir - straight line, f/p - adder
Aim: an adder (severely wounded, 51% to hit)
You shoot a bolt. The bolt hits the adder!
You kill the adder!
You die...

#....#
#......##.##..(
#....#
#.........####.
#....# ###.###.### ##
##..## #.......####.
#..######....##......
#...(......#########.
#....#####...## #.
#...(# ###..# ##.
#...@# ##.## #..
#.#### #..####.# #.#
##...##.# #.#
###.#... #.#
#######...#) #.#
#....###..#. #.#
#####....###..## #.#
##..............#
#.###..###.........##


There were no monsters in sight!

Vanquished Creatures
  An adder (D:1)
  A dart slug (D:1)
  4 endoplasms (D:1)
  A hobgoblin (D:1)
  3 ball pythons (D:1)
  2 bats (D:1)
  4 frilled lizards (D:1)
  3 kobolds (D:1)
  A rat (D:1)
20 creatures vanquished.

Notes
Turn   | Place    | Note
-------+----------+-------------------------------------------
     0 | D:1      | bilbop the Kobold Hunter began the quest for the Orb.
     0 | D:1      | Reached XP level 1. HP: 12/12 MP: 1/1
   250 | D:1      | Reached XP level 2. HP: 18/18 MP: 2/2
   460 | D:1      | Reached skill level 1 in Short Blades
   718 | D:1      | Reached skill level 5 in Crossbows
   825 | D:1      | Found a faded altar of an unknown god.
   889 | D:1      | Succumbed to an adder's poison

Illustrated notes

Levels and vault maps discovered:
D:1:      dpeg_arrival_arbitrary_c, layout_rooms,
          shapermc_ecumenical_altar_hornbeckon, minmay_indecisive_spiral
D:2:      layout_basic

Skill      XL: |  1  2 |
---------------+-------+-----
Short Blades   | 1 |  1.1
Crossbows      | 5 |  5.0
Fighting       | |  2.8
Dodging        | |  2.6
Stealth        | |  1.8

Action                   || total
-------------------------++-------
Melee: Short sword       ||    19
       Dagger            ||     1
 Fire: Hand crossbow     ||    33
Armor: Leather armour    ||     5
Dodge: Dodged            ||    23
Block: Buckler           ||     4

Table legend: (Time is in decaauts)
 A = Elapsed time spent in this place.
 B = Non-inter-level travel time spent in this place.
 C = Inter-level travel time spent in this place.
 D = Time resting spent in this place.
 E = Time spent auto-exploring this place.
 F = Levels seen in this place.
 G = Mean time per level.
                   A        B        C        D        E       F      G
               +--------+--------+--------+--------+--------+-----+--------+
         Total |    906 |    854 |     52 |      0 |    751 |   2 |  453.0 |
       Dungeon |    906 |    854 |     52 |      0 |    751 |   2 |  453.0 |
               +--------+--------+--------+--------+--------+-----+--------+

Top non-repeatable levels by time:
     D:1: 901 daAuts
     D:2: 5 daAuts
